 Dungeon Crawl Stone Soup version 0.22.1-1-ga44c0e56f4 (webtiles) character file.

35158 darkstardao the Eye of the Storm (level 13, 0/99 (102) HPs)
             Began as a Demonspawn Fighter on Sept 22, 2018.
             Was a Priest of Qazlal.
             Slain by a sun demon (17 damage)
             ... on level 2 of the Orcish Mines.
             The game lasted 00:32:16 (16141 turns).

darkstardao the Eye of the Storm (DsFi)            Turns: 16141, Time: 00:32:16

HP:   0/99 (102)    AC: 26    Str: 16    XL:     13   Next: 46%
MP:   14/22         EV: 18    Int: 20    God:    Qazlal [***...]
Gold: 923           SH: 18    Dex: 17    Spells: 12/12 levels left

rFire    . . .     SeeInvis .   Z - +0 broad axe (flame)
rCold    + . .     Gourm    .   c - +0 shield
rNeg     . . .     Faith    .   X - +6 scale mail of the Rabble {Int+9}
rPois    +         Spirit   .   Q - +2 hat
rElec    .         Reflect  +   s - +1 cloak
rCorr    .         Harm     .   (no gloves)
MR       .....                  q - +0 pair of boots
Stlth    ..........             V - +4 amulet of reflection
HPRegen  0.26/turn              w - +5 ring of evasion
MPRegen  0.18/turn              a - +2 ring of protection

@: no status effects
A: horns 2, slimy green scales 3, cold resistance 1, icemail, freezing cloud
immunity
a: Upheaval, Elemental Force, Renounce Religion


You were on level 2 of the Orcish Mines.
You worshipped Qazlal.
Qazlal was most pleased with you.
You were not hungry.

You visited 3 branches of the dungeon, and saw 17 of its levels.
You visited 1 bazaar.
You also visited: Bailey.

You collected 1505 gold pieces.
You spent 582 gold pieces at shops.

Inventory:

Hand Weapons
 e - a +4 broad axe
 y - a +0 flail of draining
 G - a cursed +1 battleaxe
 J - the +10 dagger "Niru" {venom, rF+ Str+2}
   (You found it on level 9 of the Dungeon)

   It poisons the flesh of those it strikes.
   It affects your strength (+2).
   It protects you from fire.
 U - a cursed +3 battleaxe
 Z - a +0 broad axe of flaming (weapon)
Missiles
 j - 3 exploding tomahawks
 t - 48 tomahawks (quivered)
Armour
 c - a +0 shield (worn)
 g - the +0 ring mail of Limpius {rF++}
   (You found it on level 11 of the Dungeon)

   It greatly protects you from fire.
 q - a +0 pair of boots (worn)
 s - a +1 cloak (worn)
 F - a +1 scale mail of positive energy
 Q - a +2 hat (worn)
 X - the +6 scale mail of the Rabble (worn) {Int+9}
   (You found it on level 13 of the Dungeon)

   It affects your intelligence (+9).
 Y - a +0 chain mail of magic resistance
Jewellery
 a - a +2 ring of protection (right hand)
 o - an uncursed amulet of faith {unknown}
 w - a +5 ring of evasion (left hand)
 V - a +4 amulet of reflection (around neck)
Wands
 D - a wand of digging (8)
 H - a wand of random effects (34)
 I - a wand of iceblast (13)
 O - a wand of polymorph (9)
 W - a wand of flame (23)
Scrolls
 h - 2 scrolls of fog
 k - 6 scrolls of amnesia
 n - 3 scrolls of enchant armour
 p - a scroll of teleportation
 u - 4 scrolls of remove curse
 v - 4 scrolls of blinking
 x - 2 scrolls of noise {unknown}
 z - a scroll of random uselessness {unknown}
 B - a scroll of enchant weapon {unknown}
 E - 2 scrolls of fear {unknown}
 K - 2 scrolls of immolation {unknown}
 M - a scroll of brand weapon {unknown}
 N - a scroll of vulnerability {unknown}
 T - a scroll of torment {unknown}
Potions
 b - 16 potions of degeneration
 d - 2 potions of might
 l - 5 potions of brilliance
 m - 2 potions of mutation {unknown}
 r - 2 potions of cancellation
 R - 3 potions of flight
Miscellaneous
 L - a lamp of fire (inert)
Comestibles
 f - 19 rations


   Skills:
 + Level 9.6 Fighting
 - Level 6.9 Short Blades
 - Level 3.6(6.6) Axes
 * Level 8.6(8.9) Maces & Flails
 + Level 8.8 Armour
 + Level 8.4 Dodging
 + Level 4.7 Shields
 * Level 12.2 Invocations
 + Level 6.3 Evocations


You had 12 spell levels left.
You didn't know any spells.
Your spell library contained the following spells:

 Spells                   Type           Power        Failure   Level  Hunger
 Beastly Appendage        Tmut           #.....       91%         1    ##.....
 Flame Tongue             Conj/Fire      #....        91%         1    ##.....
 Summon Small Mammal      Summ           #...         91%         1    ##.....
 Call Imp                 Summ           #.......     97%         2    ###....
 Sticks to Snakes         Tmut           #.......     97%         2    ###....
 Throw Flame              Conj/Fire      #.....       97%         2    ###....
 Call Canine Familiar     Summ           #.......     100%        3    ####...
 Conjure Flame            Conj/Fire      #.......     100%        3    ####...
 Inner Flame              Hex/Fire       #.......     100%        3    ####...
 Spider Form              Tmut/Pois      #.........   100%        3    ####...
 Summon Guardian Golem    Hex/Summ       #.......     100%        3    ####...
 Ice Form                 Ice/Tmut       #.......     100%        4    #####..
 Sticky Flame             Conj/Fire      #.......     100%        4    #####..
 Summon Ice Beast         Ice/Summ       #.......     100%        4    #####..
 Summon Lightning Spire   Summ/Air       #.......     100%        4    #####..
 Blade Hands              Tmut           #.........   100%        5    ######.
 Fireball                 Conj/Fire      #.........   100%        5    ######.


Dungeon Overview and Level Annotations

Branches:
Dungeon (14/15)            Temple (1/1) D:5            Lair (0/6) D:9
    Orc (2/2) D:12            Elf (0/3) Orc:2        Vaults (0/5) D:13

Altars:
Ashenzari
Cheibriados
Dithmenos
Elyvilon
Fedhas
Gozag
Hepliaklqana
Kikubaaqudgha
Makhleb
Nemelex Xobeh
Okawaru
Qazlal
Ru
Sif Muna
Trog
Uskayaw
Vehumet
Wu Jian
Xom
Yredelemnul
Zin
The Shining One

Shops:
D:9 %   D:12 ?   Orc:2 %%

Annotations:
D:6 exclusion: statue
D:11 2 runed doors, dengdeng's ghost, journeyman MiBe


Innate Abilities, Weirdness & Mutations

You have a pair of horns on your head.
You are completely covered in slimy green scales. (AC +4, rPois)
Your flesh is cold resistant. (rC+)
A meltable icy envelope protects you from harm. (AC +0)
You are immune to freezing clouds.


Message History

Evoke which item? (* to show all) (? for menu, Esc to quit)
Aiming: Phantom Mirror
Press: ? - help, Dir - move target cursor, f/p - orc knight
Aim: an orc knight, wielding a battleaxe and wearing a chain mail (heavily You reflect the orc knight with the mirror, and the mirror shatters!
The sun demon hits you.
You are engulfed in flames!!
Your orc knight hits the orc knight with a battleaxe!
Your orc knight barely misses the orc knight.
The orc knight shoots a bolt.
You reflect the bolt off an invisible shield around you!
The bolt hits the sun demon!
You slash the sun demon!
The sun demon is almost dead.
You block the sun demon's attack.
Your orc knight hits the orc knight with a battleaxe!
Your orc knight closely misses the orc knight.
The sun demon hits you!
* * * LOW HITPOINT WARNING * * *
You are engulfed in flames!
You die...

#..##....#...)##[.###.........###
.)###...###...###..###.....#....#
.###...## ##...###..###..####....
###...## ##...###..##.#.##....#
##)).## ##...###...........##
#.).## ##...###...........# ≈#)##
##.#.###........... )≈##
##§..###.......... ≈#≈#
#@#.###........#.. #≈o)# #3§.##
#.#..).##### #)..## #oo.##
####....# #.3.## #..o## #.)..####
#)..#≈#.#...# ##......#
#..≈.)....# ##....### ##.#...#.#
###...... #.≈...# ##........ #...
# ##........#


You could see 2 orc knights, a sun demon and a friendly orc knight.

Vanquished Creatures
  Erolcha (D:10)
  2 vault guards (D:13)
  A hydra (D:13)
  Fannar (D:10)
  5 two-headed ogres
  4 orc high priests
  2 soul eaters (Orc:2)
  A sun demon (Orc:2)
  An unseen horror (D:11)
  2 wizards (D:13)
  4 orc knights
  An orc sorcerer (Orc:2)
  An ugly thing (D:13)
  2 cyclopes
  A deep elf mage (D:11)
  3 centaur skeletons
  A komodo dragon (D:11)
  A yaktaur (D:13)
  3 kobold demonologists
  5 trolls
  A slime creature (D:11)
  A hornet (D:13)
  2 hippogriffs (D:9)
  A shadow (D:12)
  8 yaks
  20 humans (D:13)
  A basilisk (D:9)
  3 wargs
  2 hungry ghosts
  A soldier ant (D:13)
  A water moccasin (D:6)
  A hell hound (D:11)
  30 orc warriors
  3 sky beasts
  2 necrophages
  2 ice beasts
  6 ogres
  A phantom (D:6)
  8 centaurs
  A crocodile (D:9)
  6 big kobolds
  9 bullfrogs
  A water moccasin skeleton (D:7)
  5 scorpions
  3 killer bees (D:11)
  18 wights
  5 electric eels (Bailey)
  8 howler monkeys
  5 crimson imps
  3 bullfrog zombies
  2 centaur zombies
  A quasit (D:12)
  6 hounds
  7 jellies
  14 orc wizards
  18 orc priests
  3 iguanas
  12 worker ants
  3 hound zombies
  14 gnolls
  14 adders
  5 shadow imps
  5 oozes (D:11)
  An adder skeleton (D:4)
  5 worms
  2 dart slugs
  6 leopard geckos
  63 orcs
  6 giant cockroaches
  11 goblins
  12 hobgoblins
  7 jackals
  4 quokkas
  11 bats
  6 frilled lizards
  32 kobolds
  A quokka skeleton (D:7)
  9 rats
480 creatures vanquished.

Notes
Turn   | Place    | Note
-------+----------+-------------------------------------------
     0 | D:1      | darkstardao the Demonspawn Fighter began the quest for the
                  | Orb.
     0 | D:1      | Reached XP level 1. HP: 18/18 MP: 1/1
    81 | D:1      | Gained mutation: You have a pair of small horns on your
                  | head. [demonic ancestry]
    81 | D:1      | Reached XP level 2. HP: 19/24 MP: 2/2
   602 | D:1      | Reached skill level 1 in Dodging
   802 | D:1      | Gained mutation: Your flesh is cold resistant. (rC+)
                  | [demonic ancestry]
   802 | D:1      | Reached XP level 3. HP: 28/29 MP: 3/3
  1124 | D:2      | Gained mutation: You are immune to freezing clouds.
                  | [demonic ancestry]
  1124 | D:2      | Reached XP level 4. HP: 9/35 MP: 4/4
  1362 | D:2      | Found a glowing silver altar of Zin.
  2265 | D:3      | Gained mutation: You are partially covered in slimy green
                  | scales. (AC +2) [demonic ancestry]
  2265 | D:3      | Reached XP level 5. HP: 37/42 MP: 5/5
  2466 | D:3      | Found an opulent altar of Gozag.
  2567 | D:4      | Noticed an ogre
  2587 | D:4      | Killed an ogre
  2683 | D:4      | Reached XP level 6. HP: 48/48 MP: 6/6
  3223 | D:4      | Found an iron altar of Okawaru.
  3482 | D:5      | Entered Level 5 of the Dungeon
  3482 | D:5      | Found an ancient bone altar of Kikubaaqudgha.
  3496 | D:5      | Found a sacrificial altar of Ru.
  3544 | D:5      | Reached skill level 1 in Maces & Flails
  3612 | D:5      | Gained mutation: You are mostly covered in slimy green
                  | scales. (AC +3) [demonic ancestry]
  3612 | D:5      | Reached XP level 7. HP: 51/55 MP: 7/7
  3668 | D:5      | Found a staircase to the Ecumenical Temple.
  3808 | Temple   | Entered the Ecumenical Temple
  4160 | D:5      | Reached skill level 5 in Fighting
  4161 | D:5      | Found a basalt altar of Yredelemnul.
  4237 | D:5      | Found a hide-covered altar of Uskayaw.
  4409 | D:5      | Found a shadowy altar of Dithmenos.
  4693 | D:6      | Reached XP level 8. HP: 49/62 MP: 8/8
  4723 | D:6      | Found a radiant altar of Vehumet.
  4785 | D:6      | Reached skill level 5 in Armour
  4814 | D:6      | Found a bloodstained altar of Trog.
  5241 | D:7      | Found a deep blue altar of Sif Muna.
  5242 | D:7      | Found a blossoming altar of Fedhas.
  5252 | D:7      | Reached skill level 5 in Maces & Flails
  5404 | D:7      | Gained mutation: You are completely covered in slimy green
                  | scales. (AC +4, rPois) [demonic ancestry]
  5404 | D:7      | Reached XP level 9. HP: 53/69 MP: 9/9
  5848 | D:7      | Reached skill level 5 in Dodging
  6372 | D:8      | Found a stormy altar of Qazlal.
  6378 | D:8      | Became a worshipper of Qazlal Stormbringer
  6842 | D:9      | Found Tonin's Food Shop.
  6848 | D:9      | Reached skill level 1 in Invocations
  6867 | D:9      | Reached skill level 2 in Invocations
  6886 | D:9      | Reached skill level 3 in Invocations
  6902 | D:9      | Reached XP level 10. HP: 65/79 MP: 12/12
  7250 | D:9      | Got an ichor-stained dagger
  7251 | D:9      | Identified the +10 dagger "Niru" {venom, rF+ Str+2} (You
                  | found it on level 9 of the Dungeon)
  7347 | D:9      | Reached skill level 4 in Invocations
  7366 | D:9      | Found a staircase to the Lair.
  7408 | D:9      | Reached skill level 1 in Short Blades
  7412 | D:9      | Reached * piety under Qazlal
  7416 | D:9      | Reached skill level 1 in Evocations
  7693 | D:10     | Entered Level 10 of the Dungeon
  7695 | D:10     | Noticed a two-headed ogre
  7702 | D:10     | Killed a two-headed ogre
  7702 | D:10     | Reached skill level 5 in Invocations
  7913 | D:10     | Noticed Fannar
  7931 | D:10     | Killed Fannar
  7931 | D:10     | Reached skill level 6 in Invocations
  8163 | D:10     | Noticed a two-headed ogre
  8169 | D:10     | Killed a two-headed ogre
  8315 | D:10     | Noticed Erolcha
  8327 | D:10     | Killed Erolcha
  8327 | D:10     | Reached skill level 7 in Invocations
  8327 | D:10     | Gained mutation: You have a pair of horns on your head.
                  | [demonic ancestry]
  8327 | D:10     | Reached XP level 11. HP: 66/86 MP: 16/16
  8492 | D:11     | Noticed a deep elf mage
  8499 | D:11     | Found a runed door.
  8505 | D:11     | Killed a deep elf mage
  8511 | D:11     | Found a runed door.
  8512 | D:11     | Noticed a necromancer
  8512 | D:11     | Noticed an ettin
  8512 | D:11     | Noticed a cyan ugly thing
  8512 | D:11     | Noticed a lich
  8513 | D:11     | Noticed a stone giant
  8515 | D:11     | Noticed dengdeng's ghost (journeyman MiBe)
  8534 | D:11     | Reached ** piety under Qazlal
  8628 | D:11     | Found a flickering gateway to a bazaar.
  8634 | Bazaar   | Entered a bazaar
  8749 | Bazaar   | Found Dyfiuczaxti's Gadget Shop.
  8777 | Bazaar   | Found Usai's Antique Armour Shop.
  8786 | Bazaar   | Bought an ichor-stained leather armour for 210 gold pieces
  8786 | Bazaar   | Bought an embroidered hat for 210 gold pieces
  8796 | Bazaar   | Identified the +2 leather armour of the Original Sin
                  | {Int+2} (You bought it in a shop in a bazaar)
  8828 | Bazaar   | Bought a wand of polymorph (9) for 110 gold pieces
  8937 | D:11     | Killed an unseen horror
  8937 | D:11     | Reached skill level 8 in Invocations
  9159 | D:11     | Got a shimmering ring mail
  9170 | D:11     | Identified the cursed +0 ring mail of Limpius {rF++} (You
                  | found it on level 11 of the Dungeon)
  9194 | D:11     | Noticed a hell knight
  9200 | D:11     | Noticed a necromancer
  9270 | D:11     | Reached skill level 5 in Short Blades
 10085 | D:12     | Reached skill level 9 in Invocations
 10361 | D:12     | Noticed a two-headed ogre
 10368 | D:12     | Killed a two-headed ogre
 10372 | D:12     | Found a staircase to the Orcish Mines.
 10555 | D:12     | Found Niux's Magic Scroll Emporium.
 10607 | D:12     | Bought a scroll of identify for 26 gold pieces
 10607 | D:12     | Bought a scroll of identify for 26 gold pieces
 10982 | D:13     | Reached XP level 12. HP: 89/94 MP: 19/19
 11006 | D:13     | Noticed a vault guard
 11014 | D:13     | Reached skill level 10 in Invocations
 11017 | D:13     | HP: 4/94 [vault guard/broad axe of flaming (3)]
 11305 | D:13     | Noticed a vault guard
 11327 | D:13     | Killed a vault guard
 11359 | D:13     | Killed a vault guard
 11359 | D:13     | Reached skill level 5 in Evocations
 11366 | D:13     | Reached *** piety under Qazlal
 11699 | D:13     | Found a gate to the Vaults.
 11792 | D:13     | Noticed a four-headed hydra
 11792 | D:13     | Noticed a two-headed ogre
 11801 | D:13     | Killed a one-headed hydra
 11813 | D:13     | Killed a two-headed ogre
 11928 | D:13     | Noticed a two-headed ogre
 11938 | D:13     | Killed a two-headed ogre
 11948 | D:13     | Got a jewelled scale mail
 11959 | D:13     | Identified the +6 scale mail of the Rabble {Int+9} (You
                  | found it on level 13 of the Dungeon)
 11998 | D:13     | Reached skill level 11 in Invocations
 12570 | Orc:1    | Entered Level 1 of the Orcish Mines
 12764 | Orc:1    | Found a flagged portal.
 12772 | Bailey   | Entered a bailey
 12907 | Bailey   | Noticed an orc high priest
 12918 | Bailey   | Killed an orc high priest
 12975 | Bailey   | Reached **** piety under Qazlal
 13097 | Bailey   | Found an iron altar of Okawaru.
 13191 | Bailey   | Gained mutation: A meltable icy envelope protects you from
                  | harm. (AC +0) [demonic ancestry]
 13191 | Bailey   | Reached XP level 13. HP: 63/98 MP: 21/21
 13977 | Orc:2    | Entered Level 2 of the Orcish Mines
 14175 | Orc:2    | Found a staircase to the Elven Halls.
 14251 | Orc:2    | Found Godiukod's Food Boutique.
 14267 | Orc:2    | HP: 4/98 [orc warrior/tomahawk (10)]
 14890 | Orc:2    | Found Seoled's Food Shop.
 14898 | Orc:2    | Reached ***** piety under Qazlal
 15715 | Orc:2    | Reached skill level 12 in Invocations
 16141 | Orc:2    | Slain by a sun demon

Skill      XL: |  1  2  3  4  5  6  7  8  9 10 11 12 13 |
---------------+----------------------------------------+-----
Axes           | 2 3 |  3.6
Dodging        | 1 2 3 4 5 6 7 8 |  8.4
Armour         | 3 4 5 6 7 8 |  8.8
Fighting       | 4 5 6 7 8 9 |  9.6
Maces & Flails | 1 3 5 7 8 |  8.6
Invocations    | 3 7 9 11 12 | 12.2
Short Blades   | 4 6 |  6.9
Evocations     | 2 4 5 6 |  6.3
Shields        | 4 |  4.7

Action                   |  1- 3 |  4- 6 |  7- 9 | 10-12 | 13-15 || total
-------------------------+-------+-------+-------+-------+-------++-------
Melee: War axe           |    99 |   120 |       |       |       ||   219
       Headbutt          |    16 |    32 |    81 |   196 |    61 ||   386
       Flail             |       |    40 |   436 |    20 |       ||   496
       Dagger            |       |       |       |   537 |       ||   537
       Broad axe         |       |       |       |   222 |   270 ||   492
Throw: Tomahawk          |       |     1 |       |       |       ||     1
Invok: Upheaval          |       |       |       |     5 |     4 ||     9
       Elemental Force   |       |       |       |       |     1 ||     1
       Disaster Area     |       |       |       |       |     1 ||     1
Evoke: Lamp of fire      |       |       |       |     1 |     1 ||     2
       Wand              |       |       |       |       |     1 ||     1
       Phantom mirror    |       |       |       |       |     1 ||     1
  Use: Scroll            |       |       |     3 |    19 |     4 ||    26
       Potion            |       |       |       |    11 |     5 ||    16
 Stab: Paralysed         |       |     1 |       |       |       ||     1
  Eat: Chunk             |     1 |     6 |     8 |     7 |     7 ||    29
       Ration            |       |     1 |     1 |     4 |     1 ||     7
Armor: Scale mail        |    57 |    62 |   215 |   182 |    72 ||   588
       Chain mail        |       |       |       |    78 |       ||    78
       Skin              |       |       |       |       |     3 ||     3
Dodge: Dodged            |    39 |    87 |   301 |   404 |   117 ||   948
       Deflected         |       |       |       |       |     3 ||     3
Block: Shield            |    60 |    82 |   259 |   544 |   309 ||  1254
       Reflection        |       |       |       |     8 |    13 ||    21
